 Dungeon Crawl Stone Soup version 0.29-a0-330-g52719c12eb (webtiles) character file.

Game seed: 1259863390801401479

10060 kae the Arsonist (level 11, -7/66 HPs)
             Began as a Deep Elf Fire Elementalist on Apr 19, 2022.
             Was a Follower of Ru.
             Mangled by a sixfirhy (10 damage)
             ... summoned by a kobold demonologist
             ... on level 11 of the Dungeon.
             The game lasted 00:14:13 (18036 turns).

kae the Arsonist (Deep Elf Fire Elementalist)      Turns: 18036, Time: 00:14:14

Health: -7/66      AC: 10    Str:  5    XL:     11   Next: 31%
Magic:  20/27      EV: 12    Int: 25    God:    Ru [*.....]
Gold:   438        SH: 10    Dex: 15    Spells: 6/31 levels left

rFire   . . .      SeeInvis +   v - +5 falchion (freeze)
rCold   . . .      Faith    .   G - +0 buckler
rNeg    + . .      Spirit   .   d - +0 steam dragon scales
rPois   .          Reflect  +   K - +1 hat
rElec   .          Harm     .   l - +0 cloak
rCorr   .          Rampage  .   g - +2 pair of gloves
Will    +....                   (no boots)
Stlth   ++........              m - amulet of reflection
HPRegen 0.21/turn               q - ring of see invisible
MPRegen 0.20/turn               s - ring of positive energy

@: no status effects
A: hated by all
a: Renounce Religion


You were on level 11 of the Dungeon.
You worshipped Ru.
Ru was aware of your devotion.
You visited 2 branches of the dungeon, and saw 12 of its levels.

You collected 438 gold pieces.

Inventory:

Hand Weapons
 e - a +0 dagger
 o - a +0 long sword
 v - a +5 falchion of freezing (weapon)
Missiles
 D - 2 throwing nets
Armour
 d - +0 steam dragon scales (worn)
 g - a +2 pair of gloves (worn)
 l - a +0 cloak (worn)
 x - a +2 leather armour of positive energy
 G - a +0 buckler (worn)
 K - a +1 hat (worn)
Magical Staves
 A - a staff of poison
Jewellery
 a - a ring of ice
 m - an amulet of reflection (around neck)
 q - a ring of see invisible (left hand)
 s - a ring of positive energy (right hand)
 w - a +6 ring of strength
 L - the ring "Imperukiba" {+Blink rC++ rCorr Int-2 Dex+6}
   (You found it on level 10 of the Dungeon)

   [ring of dexterity]

   Int:       It affects your intelligence (-2).
   Dex:       It affects your dexterity (+6).
   rC:        It greatly protects you from cold.
   +Blink:    It lets you blink.
   rCorr:     It protects you from acid and corrosion.
Wands
 r - a wand of digging (5)
 u - a wand of charming (9)
 B - a wand of iceblast (17)
 C - a wand of paralysis (6)
Scrolls
 c - a scroll of noise
 h - 2 scrolls of teleportation
 y - 5 scrolls of identify
 z - 3 scrolls of enchant weapon
 M - a scroll of brand weapon {unknown}
Potions
 b - 4 potions of magic
 f - 3 potions of mutation
 i - a potion of invisibility
 j - 4 potions of lignification
 k - 2 potions of curing
 n - 4 potions of flight
 p - 2 potions of brilliance
 t - 4 potions of attraction
 F - a potion of cancellation
 H - 2 potions of resistance
 I - a potion of might
 J - a potion of ambrosia


   Skills:
 + Level 6.6 Fighting
 - Level 2.4 Dodging
 - Level 2.4 Stealth
 + Level 3.2 Shields
 + Level 10.9 Spellcasting
 + Level 8.8 Conjurations
 + Level 12.0 Fire Magic


You had 6 spell levels left.
You knew the following spells:

 Your Spells              Type           Power      Damage    Failure   Level
a - Foxfire               Conj/Fire      100%       2x1d9     1%          1
b - Scorch                Fire           100%       2d10      1%          2
c - Conjure Flame         Conj/Fire      60%        6-21      1%          3
d - Inner Flame           Hex/Fire       43%        N/A       1%          3
e - Flame Wave            Conj/Fire      60%        2d12      1%          4
f - Mephitic Cloud        Conj/Pois/Air  28%        N/A       5%          3
g - Ignite Poison         Fire/Tmut/Pois 33%        N/A       3%          3
h - Starburst             Conj/Fire      30%        6d9       13%         6

Your spell library contained the following spells:

 Spells                   Type           Power      Damage    Failure   Level
 Dazzling Flash           Conj/Hex       70%        N/A       3%          3
 Ensorcelled Hibernation  Hex/Ice        26%        N/A       9%          2
 Sublimation of Blood     Necr           13%        N/A       9%          2
 Iskenderun's Mystic Bla  Conj/Tloc      35%        2d8       10%         4
 Frozen Ramparts          Ice            26%        1d4       19%         3
 Portal Projectile        Hex/Tloc       26%        N/A       19%         3
 Spider Form              Tmut/Pois      13%        N/A       19%         3
 Swiftness                Air            13%        N/A       19%         3
 Irradiate                Conj/Tmut      17%        3d19      26%         5
 Lightning Bolt           Conj/Air       17%        1d32      26%         5
 Freezing Cloud           Conj/Ice/Air   14%        6-21      43%         5
 Anguish                  Hex/Necr       6%         N/A       52%         4
 Ice Form                 Ice/Tmut       13%        N/A       52%         4
 Leda's Liquefaction      Hex/Erth       6%         N/A       52%         4
 Petrify                  Tmut/Erth      13%        N/A       52%         4
 Iron Shot                Conj/Erth      17%        9d4       83%         6
 Blade Hands              Tmut           6%         N/A       86%         5
 Borgnjor's Vile Clutch   Necr/Erth      6%         N/A       86%         5
 Excruciating Wounds      Necr           6%         N/A       86%         5
 Statue Form              Tmut/Erth      8%         N/A       100%        6
 Lehudib's Crystal Spear  Conj/Erth      17%        10d5      100%        8
 Animate Armour           Summ/Erth      Unusable   N/A       N/A         4
 Summon Ice Beast         Ice/Summ       Unusable   N/A       N/A         4

Dungeon Overview and Level Annotations

Branches:
Dungeon (11/15)            Temple (1/1) D:4
   Lair: D:8-11         Orc: D:9-12

Altars:
Ashenzari
Cheibriados
Dithmenos
Elyvilon
Fedhas
Gozag
Hepliaklqana
Makhleb
Nemelex Xobeh
Okawaru
Qazlal
Ru
Sif Muna
Trog
Uskayaw
Vehumet
Wu Jian
Xom
Yredelemnul
Zin
The Shining One

Shops:
D:3 =

Annotations:
D:10 exclusion: two-headed ogre


Innate Abilities, Weirdness & Mutations

You are hated by all.


Message History

The kobold demonologist casts a cantrip, but nothing happens.
The shadow imp closely misses you.
The kobold demonologist hits you with a +0 broad axe!
You barely miss the kobold demonologist.
The kobold demonologist is severely wounded.
You block the shadow imp's attack.
The sixfirhy hits you but does no damage.
The kobold demonologist casts a spell.
The shadow imp hits you but does no damage.
You hit the kobold demonologist. You freeze the kobold demonologist.
The kobold demonologist is almost dead.
The sixfirhy hits you. The sixfirhy shocks you!
* * * LOW HITPOINT WARNING * * *
You block the sixfirhy's attack. The sixfirhy closely misses you.
The sixfirhy misses you. The sixfirhy barely misses you.
The kobold demonologist is stunned by your conviction and fails to attack.
You block the shadow imp's attack. The sixfirhy completely misses you.
Okay, then.
You feel much better.
The sixfirhy hits you but does no damage.
The kobold demonologist hits you with a +0 broad axe.
The shadow imp hits you.
Okay, then.
Unknown command.
You closely miss the kobold demonologist.
The kobold demonologist is almost dead.
The kobold demonologist closely misses you.
The shadow imp barely misses you.
The kobold demonologist gestures wildly while chanting.
Casting: Scorch (safe; 1% risk of failure)
Confirm with . or Enter, or press ? or * to list all spells.
Flames lash the shadow imp.
You kill the shadow imp!
The shadow imp disappears in a puff of smoke!
The sixfirhy hits you! The sixfirhy shocks you!
* * * LOW HITPOINT WARNING * * *
The sixfirhy hits you!
* * * LOW HITPOINT WARNING * * *
The sixfirhy shocks you!
You die...

.....K . # ...5. .##.
#.P). #.. #..P. #.)
#... #.### ###########
#.. #4#.# #.........##
#.####3#.########......
#...3K@#.......#<..####
######§#######.##.##
#.# #.##.# ## #.#
#.##.####. #.#
#.##....#. #.#
#.#####.#. #.# #.# #.#.
#.# #.#####.#. #.#
#.......#.


You could see a kobold demonologist, a sixfirhy (summoned), a ynoxinul
(summoned) and a red devil (summoned).

Vanquished Creatures
  A wizard (D:10)
  A deep elf pyromancer (D:10)
  Pikel (D:5)
  A cyclops (D:6)
  A manticore (D:8)
  An elephant (D:11)
  An unseen horror (D:10)
  2 hornets (D:8)
  Prince Ribbit (D:5)
  11 yaks (D:10)
  2 wraiths
  3 wyverns
  Grum (D:8)
  Eustachio (D:5)
  3 steam dragons
  A vampire mosquito (D:8)
  A water moccasin (D:8)
  3 orc warriors
  An ice beast (D:8)
  2 sky beasts
  2 black bears
  3 wolves (D:8)
  An ogre (D:4)
  3 centaurs
  3 lemures (D:5)
  A phantom (D:7)
  6 kobold brigands
  A bullfrog (D:8)
  2 necrophages
  3 gnoll sergeants
  A scorpion (D:4)
  6 wights
  9 killer bees
  2 howler monkeys (D:8)
  4 hounds
  A jelly (D:4)
  2 gnoll shamans
  2 orc priests
  4 iguanas
  Natasha (thrice) (D:4)
  8 orc wizards
  5 adders
  20 gnolls
  A shadow imp (D:8)
  3 white imps
  2 worms
  2 dart slugs
  22 orcs
  7 endoplasms
  A giant cockroach (D:4)
  13 goblins
  4 hobgoblins
  2 quokkas
  5 ball pythons
  4 bats
  6 frilled lizards
  22 kobolds
  10 rats
235 creatures vanquished.

Vanquished Creatures (collateral kills)
  A foxfire (D:1)
1 creature vanquished.

Vanquished Creatures (others)
  763 foxfires
763 creatures vanquished.

Grand Total: 999 creatures vanquished

Notes
Turn   | Place    | Note
-------+----------+-------------------------------------------
     0 | D:1      | kae the Deep Elf Fire Elementalist began the quest for the
                  | Orb.
     0 | D:1      | Reached XP level 1. HP: 10/10 MP: 6/6
   163 | D:1      | Reached XP level 2. HP: 16/16 MP: 1/8
  1034 | D:2      | Learned a level 2 spell: Scorch
  1143 | D:2      | Reached XP level 3. HP: 20/20 MP: 6/9
  1147 | D:2      | Learned a level 3 spell: Conjure Flame
  1505 | D:2      | Reached skill level 4 in Fire Magic
  1613 | D:2      | Found a faded altar of an unknown god.
  1716 | D:2      | Reached skill level 1 in Fighting
  2611 | D:3      | Found a glowing golden altar of the Shining One.
  2718 | D:3      | Reached XP level 4. HP: 25/25 MP: 5/11
  2787 | D:3      | Found Haxyad's Jewellery Shoppe.
  3865 | D:4      | Learned a level 3 spell: Inner Flame
  3883 | D:4      | Noticed Natasha
  3894 | D:4      | Killed Natasha
  3969 | D:4      | Reached XP level 5. HP: 29/29 MP: 10/13
  4063 | D:4      | Noticed Natasha
  4107 | D:4      | Killed Natasha
  4108 | D:4      | Reached skill level 5 in Fire Magic
  4209 | D:4      | Reached XP level 6. HP: 35/35 MP: 5/15
  4780 | D:4      | Reached skill level 5 in Spellcasting
  4857 | D:4      | Noticed Natasha
  4862 | D:4      | Killed Natasha
  4930 | D:4      | Found a staircase to the Ecumenical Temple.
  5041 | Temple   | Entered the Ecumenical Temple
  5259 | Temple   | Became a worshipper of Ru the Awakened
  5609 | D:5      | Entered Level 5 of the Dungeon
  5630 | D:5      | Noticed a wraith
  5694 | D:4      | Reached skill level 6 in Fire Magic
  5694 | D:4      | Reached XP level 7. HP: 27/40 MP: 5/16
  5994 | D:5      | Noticed Prince Ribbit
  6003 | D:5      | Killed Prince Ribbit
  6228 | D:5      | Noticed Eustachio
  6247 | D:5      | Killed Eustachio
  6248 | D:5      | Reached skill level 7 in Fire Magic
  6334 | D:5      | Found an ornate altar of the Wu Jian Council.
  6479 | D:5      | Noticed Pikel
  6824 | D:5      | Reached XP level 8. HP: 46/46 MP: 16/19
  7400 | D:6      | Noticed a cyclops
  7518 | D:6      | Reached skill level 5 in Conjurations
  7518 | D:6      | Reached skill level 8 in Fire Magic
  7633 | D:6      | Gained mutation: You are hated by all. [Ru sacrifice]
  7633 | D:6      | Reached * piety under Ru
  7931 | D:6      | Learned a level 4 spell: Flame Wave
  7938 | D:6      | Killed a cyclops
  8335 | D:7      | Found a hide-covered altar of Uskayaw.
  8522 | D:7      | Reached XP level 9. HP: 52/52 MP: 17/22
  8919 | D:5      | Reached skill level 9 in Fire Magic
  9383 | D:5      | Found an ornate altar of the Wu Jian Council.
  9466 | D:5      | Killed Pikel
 10851 | D:8      | Noticed a manticore
 11206 | D:8      | Reached skill level 10 in Fire Magic
 11219 | D:8      | Reached skill level 5 in Fighting
 11279 | D:8      | Noticed a moth of wrath
 11533 | D:8      | Noticed Grum
 11933 | D:7      | Learned a level 3 spell: Mephitic Cloud
 11937 | D:7      | Learned a level 3 spell: Ignite Poison
 11944 | D:7      | Learned a level 6 spell: Starburst
 11958 | D:8      | Found a glowing silver altar of Zin.
 11962 | D:8      | Found a burning altar of Makhleb.
 11966 | D:8      | Noticed an Executioner
 11966 | D:8      | Noticed an angel
 11991 | D:8      | Reached XP level 10. HP: 56/59 MP: 16/25
 12260 | D:8      | Found a bloodstained altar of Trog.
 12342 | D:8      | Identified the +1 leather armour of Weiluhu {rPois rF++
                  | MP+9 Stlth-}
 12659 | D:8      | Killed a manticore
 13080 | D:8      | Reached skill level 11 in Fire Magic
 13223 | D:8      | Killed Grum
 14229 | D:9      | Reached skill level 1 in Shields
 14643 | D:9      | Found a broken altar of Ashenzari.
 14687 | D:9      | HP: 3/60 [poisoned by a killer bee]
 15608 | D:10     | Entered Level 10 of the Dungeon
 15816 | D:10     | Noticed a two-headed ogre
 15849 | D:10     | Reached skill level 10 in Spellcasting
 16353 | D:10     | Reached XP level 11. HP: 59/64 MP: 16/27
 16937 | D:10     | Noticed a wizard
 16942 | D:10     | Killed a wizard
 16955 | D:10     | Noticed a deep elf pyromancer
 16960 | D:10     | Killed a deep elf pyromancer
 17064 | D:10     | Got Sif Muna's Incunabulum of Axaxaxas mlö
 17076 | D:10     | Noticed a deep elf pyromancer
 17249 | D:10     | Got the Almanac of Plaster Cramp
 17254 | D:10     | Identified the ring "Imperukiba" {+Blink rC++ rCorr Int-2
                  | Dex+6}
 17263 | D:10     | Got the Papyrus of Sand
 17684 | D:11     | Noticed a boulder beetle
 17783 | D:11     | Reached skill level 12 in Fire Magic
 18028 | D:11     | Noticed a sixfirhy
 18036 | D:11     | HP: 3/66 [sixfirhy[a kobold demonologist] (7)]
 18036 | D:11     | Mangled by a sixfirhy

Illustrated notes

Levels and vault maps discovered:
D:1:      dpeg_arrival_solitude, layout_basic, amethyst_killhole,
          serial_bayou_ford_a
D:2:      layout_basic, shapermc_ecumenical_altar_mp_vishouse,
          minmay_misc_feat_diagonals
D:3:      minmay_inner_zag, layout_rooms, mainiacjoe_overflow_paths,
          serial_shops, shop_statue
D:4:      layout_basic, minmay_temple_entry_hall, uniq_natasha
D:5:      layout_loops_cross, lemuel_tele_altar, uniq_eustachio, uniq_pikel,
          uniq_prince_ribbit1
D:6:      layout_loops_ring
D:7:      layout_cave_pools, mainiacjoe_overflow_tiny_flanked,
          nicolae_uskayaw_murder_on_the_dancefloor
D:8:      minmay_opposing_rooms, layout_basic,
          grunt_temple_overflow_order_and_chaos_2, tgw_trog, uniq_grum
D:9:      layout_cave_pods, mainiacjoe_overflow_cross_hatched, serial_glass,
          glass_columns_a, glass_columns_a, glass_columns_b, glass_columns_a,
          solitary_fountain
D:10:     layout_long_grid, marbit_many_paths, bh_hangedman_babel_library
D:11:     layout_basic, david_lair_generic, erik_orc_3, serial_curves,
          eino_curves_01, eino_curves_03, grunt_decor_arrowhead
Temple:   nicolae_temple_figure_eight

Skill      XL: |  1  2  3  4  5  6  7  8  9 10 11 |
---------------+----------------------------------+-----
Fire Magic     | 4 5 6 7 8 10 11 12 | 12.0
Fighting       | 1 2 3 4 5 6 |  6.6
Conjurations   | 2 3 4 5 7 8 |  8.8
Spellcasting   | 4 5 6 7 9 10 | 10.9
Shields        | 2 3 |  3.2
Dodging        | |  2.4
Stealth        | |  2.4

Action                   |  1- 3 |  4- 6 |  7- 9 | 10-12 || total
-------------------------+-------+-------+-------+-------++-------
Melee: Dagger            |     8 |       |       |       ||     8
       Long sword        |       |     2 |       |       ||     2
       Falchion          |       |       |     1 |    52 ||    53
 Cast: Foxfire           |    87 |    74 |   146 |   144 ||   451
       Scorch            |    12 |    18 |    57 |    59 ||   146
       Conjure Flame     |       |     1 |    12 |    11 ||    24
       Flame Wave        |       |       |     7 |    11 ||    18
       Inner Flame       |       |       |       |     4 ||     4
       Mephitic Cloud    |       |       |       |     2 ||     2
       Ignite Poison     |       |       |       |     1 ||     1
Invok: Sacrifice Love    |       |       |     1 |       ||     1
       Reject Sacrifices |       |       |       |     1 ||     1
  Use: Scroll            |     2 |     7 |     8 |     7 ||    24
       Potion            |     1 |       |     1 |     2 ||     4
Armor: Robe              |     9 |     4 |    30 |       ||    43
       Skin              |       |       |     6 |       ||     6
       Leather armour    |       |       |     1 |    51 ||    52
       Steam dragon scal |       |       |       |    16 ||    16
Dodge: Dodged            |    15 |    10 |    57 |    90 ||   172
Block: Other             |       |     4 |    25 |     8 ||    37
       Reflection        |       |       |     3 |     5 ||     8
       Buckler           |       |       |       |    70 ||    70

Table legend: (Time is in decaauts)
 A = Elapsed time spent in this place.
 B = Non-inter-level travel time spent in this place.
 C = Inter-level travel time spent in this place.
 D = Time resting spent in this place.
 E = Time spent auto-exploring this place.
 F = Levels seen in this place.
 G = Mean time per level.
                   A        B        C        D        E       F      G
               +--------+--------+--------+--------+--------+-----+--------+
         Total |  18067 |  16990 |   1077 |   2883 |  11768 |  12 | 1505.6 |
       Dungeon |  17833 |  16783 |   1050 |   2883 |  11565 |  11 | 1621.2 |
        Temple |    233 |    207 |     26 |      0 |    203 |   1 |  233.0 |
               +--------+--------+--------+--------+--------+-----+--------+

Top non-repeatable levels by time:
     D:5: 2486 daAuts
     D:4: 2206 daAuts
     D:8: 2168 daAuts
     D:9: 1943 daAuts
     D:7: 1905 daAuts
    D:10: 1774 daAuts
     D:2: 1574 daAuts
     D:6: 1229 daAuts
     D:3: 1144 daAuts
     D:1: 925 daAuts
    D:11: 475 daAuts
  Temple: 233 daAuts
